 Dungeon Crawl Stone Soup version 0.24-a0-509-ga1643a6788 (webtiles) character file.

Game seed: 16069801676981827632

28 Inarius the Skirmisher (level 3, 30/30 HPs)
             Began as a Demonspawn Abyssal Knight on July 19, 2019.
             Was a Believer of Lugonu.
             Got out of the dungeon alive.
             The game lasted 00:01:49 (648 turns).

Inarius the Skirmisher (Demonspawn Abyssal Knight)   Turns: 648, Time: 00:01:50

Health: 30/30      AC:  5    Str: 13    XL:     3   Next: 0%
Magic:  4/4        EV: 10    Int: 13    God:    Lugonu [**....]
Gold:   60         SH:  0    Dex: 12    Spells: 2/2 levels left

rFire    . . .     SeeInvis .   c - +0 short sword
rCold    . . .     Gourm    .   (no shield)
rNeg     . . .     Faith    .   f - +0 ring mail
rPois    .         Spirit   .   (no helmet)
rElec    .         Reflect  .   (no cloak)
rCorr    .         Harm     .   (no gloves)
MR       .....                  (no boots)
Stlth    +.........             (no amulet)
HPRegen  0.10/turn              (no ring)
MPRegen  0.09/turn              (no ring)

@: no status effects
A: talons 1, powered by death 1
a: Depart the Abyss, Bend Space, Renounce Religion


You escaped.
You worshipped Lugonu.
Lugonu was pleased with you.
You were not hungry.

You visited 1 branch of the dungeon, and saw 1 of its levels.
You visited the Abyss 1 time.

You collected 60 gold pieces.

Inventory:

Hand Weapons
 c - a +0 short sword (weapon)
Armour
 f - a +0 ring mail (worn)
Scrolls
 a - a scroll of immolation {unknown}
 e - a scroll of identify {unknown}
Comestibles
 b - a ration
 d - 3 chunks of flesh


   Skills:
 + Level 3.6 Fighting
 + Level 0.6 Short Blades
 + Level 2.0 Armour
 + Level 1.1 Dodging
 + Level 1.9 Unarmed Combat
 + Level 2.4 Invocations


You had 2 spell levels left.
You didn't know any spells.
Your spell library was empty.

Dungeon Overview and Level Annotations

Branches:
Dungeon (1/15)

Altars:


Innate Abilities, Weirdness & Mutations

You have sharp toenails.
You regenerate a little health from kills.


Message History

You have reached level 3!
Your experience leads to an increase in your attributes!
Increase (S)trength, (I)ntelligence, or (D)exterity?
You feel stronger.
Your demonic ancestry asserts itself...
Your toenails lengthen and sharpen.
Unknown command.
Search for what [? for help]? axe Can't find anything matching that.
Unknown command.
Things that are here:
a +0 short sword; a kobold corpse
Found a dagger.
Some of the chunks of flesh in your inventory have rotted away.
You see here a +0 club.
You see here a +0 club.
Things that are here:
a +0 whip; a kobold skeleton
There is a staircase leading out of the dungeon here.
Are you sure you want to leave the Dungeon?
This will make you lose the game!
You have escaped!

#######
#...#@#
#.#.#.#
#.#.#.#
#.#
#)#.#.#
#.##
#.#.#.#
#...
#.#.#.#
#..#
#.#.#.#
#..#
#.#.#.#
#..#
#.#.#.#
##..#


There were no monsters in sight!

Vanquished Creatures
  A dart slug (D:1)
  5 bats (D:1)
  2 giant cockroaches (D:1)
  4 goblins (D:1)
  3 hobgoblins (D:1)
  3 jackals (D:1)
  3 kobolds (D:1)
  A rat (D:1)
22 creatures vanquished.

Notes
Turn   | Place    | Note
-------+----------+-------------------------------------------
     0 | Abyss:1  | Inarius the Demonspawn Abyssal Knight began the quest for
                  | the Orb.
     0 | Abyss:1  | Reached XP level 1. HP: 18/18 MP: 2/2
    66 | Abyss:1  | Noticed a ynoxinul
    79 | D:1      | Escaped the Abyss
   332 | D:1      | Gained mutation: You regenerate a little health from kills.
                  | [demonic ancestry]
   332 | D:1      | Reached XP level 2. HP: 21/24 MP: 3/3
   355 | D:1      | Reached skill level 1 in Dodging
   437 | D:1      | Reached ** piety under Lugonu
   546 | D:1      | Gained mutation: You have sharp toenails. [demonic
                  | ancestry]
   546 | D:1      | Reached XP level 3. HP: 22/30 MP: 4/4
   648 | D:$      | Got out of the dungeon alive.

Levels and vault maps discovered:
D:1:      wheals_arrival_linesprint, layout_loops_ring, chequers_arboretum,
          grunt_decor_clamped

Skill      XL: |  1  2 |
---------------+-------+-----
Dodging        | 1 |  1.1
Armour         | 2 |  2.0
Fighting       | |  3.6
Short Blades   | |  0.6
Unarmed Combat | |  1.9
Invocations    | |  2.4

Action                   || total
-------------------------++-------
Melee: Short sword       ||    82
Armor: Leather armour    ||    13
       Ring mail         ||    28
Dodge: Dodged            ||    62

Table legend:
 A = Non-vault XP
 B = Vault XP
 C = Vault XP percentage of total XP
 D = Non-vault monster count
 E = Vault monster count
 F = Vault count percentage of total count
                 A         B        C        D         E       F
            +---------+---------+-------+---------+---------+-------
      Total |      41 |       0 |   0.0 |      22 |       0 |   0.0
            +---------+---------+-------+---------+---------+-------
        D:1 |      41 |       0 |   0.0 |      22 |       0 |   0.0
            +---------+---------+-------+---------+---------+-------
